 Dungeon Crawl Stone Soup version 0.22.0 (webtiles) character file.

243 Kirk the Conjurer (level 6, 0/44 HPs)
             Began as a Gnoll Conjurer on Aug 12, 2018.
             Succumbed to a scorpion's poison
             ... on level 4 of the Dungeon.
             The game lasted 00:06:27 (2481 turns).

Kirk the Conjurer (Gnoll Conjurer)                  Turns: 2481, Time: 00:06:27

Health: 0/44       AC:  2    Str: 11    XL:     6   Next: 9%
Magic:  1/13       EV: 15    Int: 19    God:
Gold:   214        SH:  0    Dex: 20    Spells: 7/15 levels left

rFire    . . .     SeeInvis .   g - +1 spear (pierce)
rCold    . . .     Gourm    .   (no shield)
rNeg     . . .     Faith    .   a - +0 robe
rPois    .         Spirit   .   (no helmet)
rElec    .         Reflect  .   (no cloak)
rCorr    .         Harm     .   (no gloves)
MR       ++...     Rnd*Rage +   (no boots)
Stlth    +++.......             (no amulet)
HPRegen  0.14/turn              d - ring of protection from magic
MPRegen  0.13/turn              b - +5 ring of dexterity

@: lethally poisoned (0 -> -6)
A: distributed training, fangs 1, berserk 1, magic resistance 1, strong nose
a: no special abilities


You were on level 4 of the Dungeon.
You were not hungry.

You visited 1 branch of the dungeon, and saw 4 of its levels.

You collected 214 gold pieces.

Inventory:

Hand Weapons
 g - a +1 spear of piercing (weapon)
Missiles
 m - 119 arrows
 n - 92 bolts
Armour
 a - a +0 robe (worn)
Jewellery
 b - a +5 ring of dexterity (right hand)
 d - a ring of protection from magic (left hand)
Scrolls
 e - 2 scrolls of teleportation {unknown}
 f - a scroll of blinking {unknown}
 h - 2 scrolls of remove curse {unknown}
 i - 2 scrolls of immolation {unknown}
 j - 2 scrolls of enchant armour {unknown}
 l - a scroll of fog {unknown}
 r - a scroll of magic mapping {unknown}
 s - a scroll of fear {unknown}
Potions
 o - 2 potions of magic
 q - 2 potions of brilliance
Comestibles
 c - 6 rations


   Skills:
 + Level 1.7 Fighting
 + Level 1.7 Short Blades
 + Level 1.7 Long Blades
 + Level 1.7 Axes
 + Level 1.7 Maces & Flails
 + Level 1.7 Polearms
 + Level 1.7 Staves
 + Level 1.7 Slings
 + Level 1.7 Bows
 + Level 1.7 Crossbows
 + Level 1.7 Throwing
 + Level 1.7 Armour
 + Level 4.9 Dodging
 + Level 4.5 Stealth
 + Level 1.7 Shields
 + Level 1.7 Unarmed Combat
 + Level 5.3 Spellcasting
 + Level 7.2 Conjurations
 + Level 1.3 Hexes
 + Level 1.3 Charms
 + Level 1.3 Summonings
 + Level 1.3 Necromancy
 + Level 1.3 Translocations
 + Level 1.3 Transmutations
 + Level 1.3 Fire Magic
 + Level 1.3 Ice Magic
 + Level 1.3 Air Magic
 + Level 1.3 Earth Magic
 + Level 1.3 Poison Magic
 + Level 2.0 Invocations
 + Level 1.7 Evocations


You had 7 spell levels left.
You knew the following spells:

 Your Spells              Type           Power        Failure   Level  Hunger
a - Magic Dart            Conj           ####         1%          1    None
b - Iskenderun's Mystic   Conj           ####....     6%          4    ####...
c - Dazzling Spray        Conj/Hex       ###...       6%          3    ##.....

Your spell library contained the following spells:

 Spells                   Type           Power        Failure   Level  Hunger
 Summon Small Mammal      Summ           ##..         7%          1    None
 Summon Ice Beast         Ice/Summ       ##......     56%         4    ####...
 Call Imp                 Summ           ##......     11%         2    None
 Call Canine Familiar     Summ           ##......     21%         3    ##.....
 Fulminant Prism          Conj/Hex       ###.......   21%         4    ####...
 Force Lance              Conj/Tloc      ###.....     21%         4    ####...
 Searing Ray              Conj           ####..       1%          2    None
 Summon Lightning Spire   Summ/Air       ##......     56%         4    ####...
 Summon Guardian Golem    Hex/Summ       ##......     21%         3    ##.....


Dungeon Overview and Level Annotations

Branches:
Dungeon (4/15)
 Temple: D:4-7

Altars:
Zin


Innate Abilities, Weirdness & Mutations

Your experience applies equally to all skills.
You have very sharp teeth.
Your uncanny sense of smell can sniff out nearby items.
You tend to lose your temper in combat.
You are resistant to hostile enchantments. (MR+)


Message History

Press: ? - help, Shift-Dir - straight line, f - adder skeleton
Aim: an adder skeleton (moderately damaged)
The magic dart hits the adder skeleton.
The adder skeleton is severely damaged.
* * * LOW HITPOINT WARNING * * *
You feel sick. The adder skeleton barely misses you.
Unknown command.
You hit the adder skeleton.
You destroy the adder skeleton!
* * * LOW HITPOINT WARNING * * *
You feel sick.
* * * LOW HITPOINT WARNING * * *
You feel sick.
Found a scroll labeled CIUKOO OCUORUD.
Items here: $ ) [ †† 10 gold pieces; a club; a leather armour; an orc corpse x2
* * * LOW HITPOINT WARNING * * *
You feel sick.
Found a scratched sapphire ring.
You die...

∆ #............ #
#######....## #. ####.##
###.# #...# .....# #...#
....=.# #.... .......
#.... .......#########
###..
...?...@.$.....########.
.......#######).........
....... #######.###
......# ##....### .....#
###..####.. #####
#...#####.# #.###.....#
##.##..##### #.....##


There were no monsters in sight!

Vanquished Creatures
  A scorpion (D:4)
  2 orc wizards
  A centaur skeleton (D:2)
  2 adders
  An ooze (D:1)
  An adder skeleton (D:4)
  5 worms
  3 dart slugs
  A leopard gecko (D:4)
  8 orcs
  3 ball pythons
  5 giant cockroaches
  6 goblins
  4 hobgoblins
  2 quokkas
  5 bats
  A frilled lizard (D:4)
  4 kobolds
  7 rats
62 creatures vanquished.

Notes
Turn   | Place    | Note
-------+----------+-------------------------------------------
     0 | D:1      | Kirk the Gnoll Conjurer began the quest for the Orb.
     0 | D:1      | Reached XP level 1. HP: 13/13 MP: 6/6
    87 | D:1      | Reached XP level 2. HP: 19/19 MP: 1/7
   439 | D:1      | Reached XP level 3. HP: 22/25 MP: 3/9
   569 | D:2      | Reached skill level 5 in Spellcasting
   623 | D:2      | Reached skill level 1 in Fighting
   623 | D:2      | Reached skill level 1 in Short Blades
   623 | D:2      | Reached skill level 1 in Long Blades
   623 | D:2      | Reached skill level 1 in Axes
   623 | D:2      | Reached skill level 1 in Maces & Flails
   623 | D:2      | Reached skill level 1 in Polearms
   623 | D:2      | Reached skill level 1 in Staves
   623 | D:2      | Reached skill level 1 in Slings
   623 | D:2      | Reached skill level 1 in Bows
   623 | D:2      | Reached skill level 1 in Crossbows
   623 | D:2      | Reached skill level 1 in Throwing
   623 | D:2      | Reached skill level 1 in Armour
   623 | D:2      | Reached skill level 1 in Shields
   623 | D:2      | Reached skill level 1 in Unarmed Combat
   623 | D:2      | Reached skill level 1 in Invocations
   623 | D:2      | Reached skill level 1 in Evocations
   623 | D:2      | Reached XP level 4. HP: 20/32 MP: 0/11
   806 | D:2      | Learned a level 4 spell: Iskenderun's Mystic Blast
   810 | D:2      | Learned a level 3 spell: Dazzling Spray
  1492 | D:3      | Gained mutation: You tend to lose your temper in combat. [potion of mutation]
  1492 | D:3      | Gained mutation: You are resistant to hostile enchantments. (MR+) [potion of mutation]
  1635 | D:3      | Reached skill level 1 in Hexes
  1635 | D:3      | Reached skill level 1 in Charms
  1635 | D:3      | Reached skill level 1 in Summonings
  1635 | D:3      | Reached skill level 1 in Necromancy
  1635 | D:3      | Reached skill level 1 in Translocations
  1635 | D:3      | Reached skill level 1 in Transmutations
  1635 | D:3      | Reached skill level 1 in Fire Magic
  1635 | D:3      | Reached skill level 1 in Ice Magic
  1635 | D:3      | Reached skill level 1 in Air Magic
  1635 | D:3      | Reached skill level 1 in Earth Magic
  1635 | D:3      | Reached skill level 1 in Poison Magic
  1635 | D:3      | Reached XP level 5. HP: 27/37 MP: 0/12
  1991 | D:3      | Found a glowing silver altar of Zin.
  2473 | D:4      | Reached XP level 6. HP: 8/44 MP: 0/13
  2478 | D:4      | HP: 2/44 [poisoned by a scorpion]
  2481 | D:4      | Succumbed to a scorpion's poison

Skill      XL: |  1  2  3  4  5 |
---------------+----------------+-----
Spellcasting   | 5 |  5.3
Fighting       | 1 |  1.7
Short Blades   | 1 |  1.7
Long Blades    | 1 |  1.7
Axes           | 1 |  1.7
Maces & Flails | 1 |  1.7
Polearms       | 1 |  1.7
Staves         | 1 |  1.7
Slings         | 1 |  1.7
Bows           | 1 |  1.7
Crossbows      | 1 |  1.7
Throwing       | 1 |  1.7
Armour         | 1 |  1.7
Shields        | 1 |  1.7
Unarmed Combat | 1 |  1.7
Invocations    | 1 2 |  2.0
Evocations     | 1 |  1.7
Hexes          | 1 |  1.3
Charms         | 1 |  1.3
Summonings     | 1 |  1.3
Necromancy     | 1 |  1.3
Translocations | 1 |  1.3
Transmutations | 1 |  1.3
Fire Magic     | 1 |  1.3
Ice Magic      | 1 |  1.3
Air Magic      | 1 |  1.3
Earth Magic    | 1 |  1.3
Poison Magic   | 1 |  1.3
Dodging        | |  4.9
Stealth        | |  4.5
Conjurations   | |  7.2

Action                   |  1- 3 |  4- 6 || total
-------------------------+-------+-------++-------
Melee: Spear             |     1 |    39 ||    40
       Bite              |       |     4 ||     4
 Cast: Magic Dart        |    41 |    91 ||   132
       Iskenderun's Myst |       |     1 ||     1
  Use: Scroll            |       |     4 ||     4
       Potion            |       |     2 ||     2
  Eat: Chunk             |       |     5 ||     5
Armor: Robe              |       |     2 ||     2
Dodge: Dodged            |     2 |    19 ||    21
